 Dungeon Crawl Stone Soup version 0.18-a0-1574-g3f9d221 (webtiles) character file.

2529 Oddball22 the Summoner (level 9, -4/51 HPs)
             Began as an Octopode Summoner on Mar 16, 2016.
             Slain by a killer bee (6 damage)
             ... on level 7 of the Dungeon.
             The game lasted 00:32:54 (8871 turns).

Oddball22 the Summoner (Octopode Summoner)          Turns: 8871, Time: 00:32:54

Health: -4/51      AC:  1    Str:  7    XL:     9   Next: 54%
Magic:  20/26      EV: 17    Int: 21    God:
Gold:   304        SH:  0    Dex: 16    Spells: 6 memorised, 2 levels left

rFire  + . .     SeeInvis .     m - +3 quarterstaff (chaos)
rCold  . . .     Gourm    +     (shield currently unavailable)
rNeg   . . .     Faith    .     (helmet restricted)
rPois  +         Spirit   .     B - amulet "Gesy" {Gourm rF+ MR+}
rElec  .         Dismiss  .     o - ring of poison resistance
rCorr  .         Reflect  .     u - ring of magical power
SustAt .         Harm     .     K - +4 ring of dexterity
MR     +....                    (no ring)
Stlth  +++.......               (no ring)
                                (no ring)
                                (no ring)
                                (no ring)

@: lethally poisoned (-4 -> -6), somewhat resistant to hostile enchantments,
fairly stealthy
A: almost no armour, amphibious, 8 rings, constrict 8, camouflage 1, gelatinous
body 1
a: no special abilities


You were on level 7 of the Dungeon.
You were very full.

You visited 1 branch of the dungeon, and saw 8 of its levels.

You collected 388 gold pieces.
You spent 84 gold pieces at shops.

Inventory:

Hand Weapons
 m - a +3 quarterstaff of chaos (weapon)
 q - the +4 hand axe of Ugreixak {freeze, rN++ Str-4}
   (You found it on level 7 of the Dungeon)

   It has been specially enchanted to freeze those struck by it, causing extra
   injury to most foes and up to half again as much damage against particularly
   susceptible opponents.
   It can also slow down cold-blooded creatures.
   It affects your strength (-4).
   It greatly protects you from negative energy.
 D - a +1 dagger of venom
 E - a cursed +2 halberd of flaming
Missiles
 j - 15 javelins (quivered)
 l - 52 bolts
Rods
 F - a +2 rod of inaccuracy (9/9)
   (You found it on level 5 of the Dungeon)
Jewellery
 o - a ring of poison resistance (left tentacle)
 u - a ring of magical power (right tentacle)
 B - the amulet "Gesy" (around mantle) {Gourm rF+ MR+}
   (You found it on level 4 of the Dungeon)

   [amulet of the gourmand]

   It allows you to eat raw meat even when not hungry.
   It protects you from fire.
   It affects your resistance to hostile enchantments.
 K - a +4 ring of dexterity (on tentacle)
Wands
 y - a wand of digging (20/24)
 H - a wand of confusion (33/48)
 I - a wand of acid (6/15)
 J - a wand of disintegration (10/24)
Scrolls
 c - 4 scrolls of teleportation
 d - 5 scrolls of remove curse
 g - a scroll of enchant armour {unknown}
 h - 2 scrolls of fear {unknown}
 k - 3 scrolls of random uselessness {unknown}
 n - 2 scrolls of magic mapping {unknown}
 r - 5 scrolls of identify
 s - a scroll of silence {unknown}
 v - a scroll of blinking {unknown}
 L - a scroll of enchant weapon {unknown}
Potions
 e - 4 potions of brilliance
 p - 3 potions of lignification
 x - a potion of agility
 A - a potion of cure mutation {unknown}
 C - a potion of might {unknown}
Books
 a - a book of Callings

   Spells                             Type                      Level
   a - Summon Small Mammal            Summoning                    1
   b - Call Imp                       Summoning                    2
   c - Call Canine Familiar           Summoning                    3
   d - Summon Guardian Golem          Hexes/Summoning              3
   e - Summon Lightning Spire         Summoning/Air                4
   f - Summon Ice Beast               Ice/Summoning                4
 t - a book of Geomancy

   Spells                             Type                      Level
   a - Sandblast                      Earth                        1
   b - Passwall                       Transmutation/Earth          2
   c - Stone Arrow                    Conjuration/Earth            3
   d - Petrify                        Transmutation/Earth          4
   e - Lee's Rapid Deconstruction     Earth                        5
Comestibles
 b - 7 bread rations
 f - a fruit
 w - 2 slices of pizza
 G - a beef jerky
 M - a chunk of flesh


   Skills:
 + Level 7.2 Dodging
 - Level 2.6 Stealth
 - Level 5.5 Spellcasting
 * Level 9.8 Summonings


You had 2 spell levels left.
You knew the following spells:

 Your Spells              Type           Power        Failure   Level  Hunger
a - Summon Small Mammal   Summ           ####         1%          1    None
b - Call Imp              Summ           #####...     1%          2    None
c - Call Canine Familiar  Summ           #####...     1%          3    ##.....
d - Summon Guardian Gole  Hex/Summ       ####....     4%          3    ##.....
e - Summon Ice Beast      Ice/Summ       ####....     17%         4    ####...
f - Summon Lightning Spi  Summ/Air       ####....     17%         4    ####...


Dungeon Overview and Level Annotations

Branches:
Dungeon (8/15)             Temple (0/1) D:7            Lair (0/8) D:8

Altars:
Cheibriados
Fedhas
Makhleb
Nemelex Xobeh
Okawaru
Ru
Vehumet

Shops:
D:8 !


Innate Abilities, Weirdness & Mutations

You cannot wear most types of armour.
You are amphibious.
You can wear up to eight rings at the same time.
You can use your tentacles to constrict eight enemies at once.
Your skin changes colour to match your surroundings (Stealth).
Your rubbery body absorbs attacks (AC +1).


Message History

Your lightning spire shoots out a bolt of lightning at the killer bee!
The bolt of electricity misses the killer bee.
The killer bee stings you.
* * * LOW HITPOINT WARNING * * *
You miss the killer bee. Your grab misses the killer bee.
The killer bee is severely wounded.
* * * LOW HITPOINT WARNING * * *
You feel sick. The killer bee barely misses you.
The killer bee closely misses you.
Unknown command.
You closely miss the killer bee. You grab the killer bee.
Your squeeze misses the killer bee.
The killer bee is severely wounded.
You constrict the killer bee, but do no damage.
* * * LOW HITPOINT WARNING * * *
You feel sick.
Your lightning spire disappears in a puff of smoke!
The killer bee closely misses you. The killer bee barely misses you.
The killer bee stings you.
You die...

.................(...............
..............((.................
..............<(.................
.................................
............[....................
.................>...............
............)....................
........)........................
................@....###....###..
.............†§y.......##.......#
............†......#######...####
.............†....## #..##
...................#######..#
...........................##
....................########
...................## #######
....................# #......


You could see a killer bee.

Vanquished Creatures
  Grinder (D:5)
  A water moccasin (D:6)
  An orc warrior (D:8)
  2 phantoms
  A centaur (D:7)
  A big kobold (D:8)
  A water moccasin skeleton (D:8)
  A scorpion (D:4)
  A killer bee (D:7)
  2 howler monkeys
  A centaur zombie (D:6)
  A hound (D:7)
  A quasit (D:8)
  An orc priest (D:4)
  Natasha (D:4)
  An iguana (D:7)
  3 worker ants
  A gnoll (D:5)
  4 adders
  2 shadow imps
  2 worms (D:3)
  2 dart slugs
  6 giant geckos
  6 orcs
  9 giant cockroaches
  3 goblins
  6 hobgoblins
  3 kobolds (D:8)
  6 quokkas
  8 bats
  4 giant newts
  10 rats
  A fungus (D:8)
94 creatures vanquished.

Vanquished Creatures (collateral kills)
  Erica (D:8)
  2 hippogriffs
  A hungry ghost (D:8)
  A mottled dragon (D:6)
  An orc warrior (D:8)
  A sky beast (D:8)
  An ogre (D:7)
  A black bear (D:8)
  A phantom (D:8)
  A crocodile (D:8)
  2 giant frogs
  A scorpion (D:4)
  3 killer bees (D:7)
  4 wights (D:8)
  A howler monkey (D:5)
  2 hounds
  An orc priest (D:7)
  Crazy Yiuf (D:2)
  A gnoll shaman (D:4)
  A giant frog skeleton (D:5)
  An iguana (D:5)
  Natasha (twice) (D:4)
  4 orc wizards
  4 adders
  7 gnolls
  2 river rats (D:8)
  3 worms
  2 giant geckos
  26 orcs
  2 hobgoblins
  A quokka (D:1)
  4 bats (D:8)
  A giant gecko skeleton (D:4)
  2 kobolds
  7 rats
  A fungus (D:8)
  A plant (D:8)
98 creatures vanquished.

Vanquished Creatures (others)
  7 fungi (D:8)
  3 plants (D:8)
10 creatures vanquished.

Grand Total: 202 creatures vanquished

Notes
Turn   | Place    | Note
--------------------------------------------------------------
     0 | D:1      | Oddball22 the Octopode Summoner began the quest for the Orb.
     0 | D:1      | Reached XP level 1. HP: 11/11 MP: 3/3
   464 | D:1      | Reached XP level 2. HP: 13/17 MP: 3/5
   849 | D:1      | Learned a level 2 spell: Call Imp
   865 | D:1      | You fall through a shaft!
  1112 | D:1      | Reached XP level 3. HP: 14/21 MP: 2/7
  1118 | D:1      | Learned a level 3 spell: Call Canine Familiar
  1437 | D:2      | Found a snail-covered altar of Cheibriados.
  1931 | D:2      | Noticed Crazy Yiuf
  1957 | D:2      | Killed Crazy Yiuf
  1957 | D:2      | Reached XP level 4. HP: 27/27 MP: 0/9
  2105 | D:2      | Learned a level 3 spell: Summon Guardian Golem
  2325 | D:3      | Found a burning altar of Makhleb.
  2595 | D:3      | Reached XP level 5. HP: 31/31 MP: 10/10
  2831 | D:4      | Noticed a phantom
  2853 | D:4      | Killed a phantom
  2936 | D:4      | Reached XP level 6. HP: 16/36 MP: 12/12
  3179 | D:4      | Reached skill level 5 in Summonings
  3283 | D:4      | Got a pitted brass amulet
  3284 | D:4      | Identified the amulet "Gesy" {Gourm rF+ MR+} (You found it on level 4 of the Dungeon)
  3360 | D:4      | Noticed Natasha
  3384 | D:4      | Killed Natasha
  3631 | D:4      | Reached skill level 5 in Spellcasting
  3663 | D:4      | Reached XP level 7. HP: 41/41 MP: 6/14
  3788 | D:4      | Noticed Natasha
  3797 | D:4      | Killed Natasha
  3875 | D:4      | Noticed Natasha
  3882 | D:4      | Killed Natasha
  3951 | D:5      | Entered Level 5 of the Dungeon
  3962 | D:5      | Noticed Grinder
  4034 | D:5      | Learned a level 4 spell: Summon Ice Beast
  4735 | D:5      | Found a radiant altar of Vehumet.
  5001 | D:5      | Learned a level 4 spell: Summon Lightning Spire
  5091 | D:5      | Found a sacrificial altar of Ru.
  5161 | D:5      | Killed Grinder
  5161 | D:5      | Reached skill level 6 in Summonings
  5161 | D:5      | Reached XP level 8. HP: 46/46 MP: 14/16
  5514 | D:6      | Found a sparkling altar of Nemelex Xobeh.
  5771 | D:6      | Reached skill level 5 in Dodging
  5991 | D:6      | Found an iron altar of Okawaru.
  6452 | D:7      | Reached skill level 7 in Summonings
  6466 | D:7      | Got a scorched hand axe
  6496 | D:7      | Identified the +4 hand axe of Ugreixak {freeze, rN++ Str-4} (You found it on level 7 of the Dungeon)
  7487 | D:7      | Found a staircase to the Ecumenical Temple.
  7576 | D:8      | Found Gulec's Distillery.
  7579 | D:8      | Bought a potion of lignification for 42 gold pieces
  7579 | D:8      | Bought a potion of lignification for 42 gold pieces
  7920 | D:8      | Reached skill level 8 in Summonings
  8301 | D:8      | Reached XP level 9. HP: 51/51 MP: 17/17
  8376 | D:8      | Found a staircase to the Lair.
  8595 | D:8      | Reached skill level 9 in Summonings
  8645 | D:8      | Noticed Erica
  8664 | D:8      | Killed Erica
  8809 | D:8      | Found a blossoming altar of Fedhas.
  8866 | D:7      | HP: 1/51 [killer bee (7)]
  8871 | D:7      | HP: 2/51 [poisoned by a killer bee]
  8871 | D:7      | Slain by a killer bee

Vault maps used:
D:1:      onia_arrival_mini_spirals
D:2:      cheibriados_altar_1, uniq_crazy_yiuf_cottage
D:3:      makhleb_blood_cavern_becter
D:4:      first_bread, minivault_4, uniq_natasha
D:5:      kennysheep_mini, lemuel_doored_altar, uniq_grinder
D:6:      kennysheep_mini_moat, kennysheep_little_box
D:7:      minmay_temple_entry_from_below_a
D:8:      xom_redecorated, grunt_lair_entry_orc_guard_hut, basic_altar,
          serial_shops, shop_fountains, hangedman_ranch, tgw_trog, uniq_erica,
          uniq_prince_ribbit1

Skill      XL: |  1  2  3  4  5  6  7  8  9 |
---------------+----------------------------+-----
Spellcasting   | 3 4 5 |  5.5
Dodging        | 3 4 6 7 |  7.2
Summonings     | 5 6 8 9 |  9.8
Stealth        | |  2.6

Action                   |  1- 3 |  4- 6 |  7- 9 || total
-------------------------+-------+-------+-------++-------
Melee: Unarmed           |    39 |       |       ||    39
       Dagger            |    47 |       |       ||    47
       Quarterstaff      |       |    46 |   126 ||   172
 Cast: Summon Small Mamm |    13 |     1 |       ||    14
       Call Imp          |     9 |    22 |    28 ||    59
       Call Canine Famil |     2 |     9 |    29 ||    40
       Summon Lightning  |       |       |    30 ||    30
       Summon Guardian G |       |       |     5 ||     5
  Use: Potion            |     3 |       |     4 ||     7
       Scroll            |     1 |       |     3 ||     4
 Stab: Sleeping          |     5 |     5 |     6 ||    16
       Distracted        |       |     1 |     2 ||     3
       Paralysed         |       |     1 |       ||     1
  Eat: Chunk             |     4 |     8 |    31 ||    43
